Tampa Bay Lightning vs Arizona Coyotes

Created - Saturday, October 18, 2025 at 08:30

Goals
1 2 3 T
Tampa Bay Lightning 0 0 1 1
Arizona Coyotes 1 0 1 2
Shots
1 2 3 T
Tampa Bay Lightning 8 7 14 29
Arizona Coyotes 17 11 11 39

1st period

1. Arizona Coyotes , Brayden McNabb 3 (Ryan Donato 27, Tyler Seguin 36) at 18:16

Penalties :
Dylan Cozens (TBL) for Holding (Minor) at 3:15, Darnell Nurse (TBL) for Cross-checking (Minor) at 18:19

2nd period

No Goal

Penalties :
Jonathan Huberdeau (TBL) for Hooking (Minor) at 2:33

3rd period

2. Tampa Bay Lightning , Kirill Kaprizov 32 (Claude Giroux 38, Jamie Benn 10) at 10:25
3. Arizona Coyotes , Radko Gudas 3 (Aliaksei Protas 35, Mats Zuccarello 43) at 16:36 (PP)

Penalties :
Mason McTavish (AZC) for Hooking (Minor) at 2:16, Travis Konecny (TBL) for Holding (Minor) at 5:30, Dylan Cozens (TBL) for Roughing (Minor) at 14:55, Kirill Kaprizov (TBL) for Tripping (Minor) at 17:13

Goalie Stats

Darcy Kuemper (TBL), 37 saves from 39 shots - (0.949), L, 25-12-3, 59:18 minutes
Elvis Merzlikins (AZC), 28 saves from 29 shots - (0.966), W, 24-15-3, 60:00 minutes

Players Stats for Tampa Bay Lightning

Player Name              G  A  P  +/- PIM S  H  SB GA TA FO     MP     PP MP  PK MP  
------------------------------------------------------------------------------------
Anze Kopitar             0  0  0   0  0   2  2  2  1  0  7/15   19:55   0:57   5:44 
Ben Chiarot              0  0  0  -1  0   3  2  0  0  2  0/0    22:05   0:00   5:37 
Claude Giroux            0  1  1   1  0   2  2  0  1  0  9/15   14:45   1:02   0:24 
Darnell Nurse            0  0  0   0  2   1  2  1  0  0  0/0    22:17   1:11   4:36 
Dmitry Orlov             0  0  0   1  0   1  3  1  1  1  0/0    21:01   1:11   5:59 
Dylan Cozens             0  0  0   0  4   0  1  1  0  0  0/0    13:04   0:00   0:00 
Filip Forsberg           0  0  0   0  0   4  2  1  0  0  0/0    14:36   1:02   0:00 
Gustav Nyquist           0  0  0  -1  0   2  0  0  0  0  0/0     7:20   0:00   0:07 
Hampus Lindholm          0  0  0   1  0   0  1  0  0  1  0/0    13:39   0:00   0:00 
Jamie Benn               0  1  1   1  0   1  2  0  0  0  0/1    18:41   0:00   5:39 
Jason Dickinson          0  0  0  -1  0   0  2  0  0  0  3/9    12:35   0:00   5:39 
Jonathan Huberdeau       0  0  0   0  2   2  1  2  0  0  0/1    12:48   0:00   0:00 
Kirill Kaprizov          1  0  1   1  2   2  1  1  2  0  0/0    14:20   1:02   0:00 
Michael Matheson         0  0  0  -1  0   1  2  0  0  0  0/0    18:00   0:48   1:01 
Moritz Seider            0  0  0   0  0   0  1  1  0  3  0/0    22:57   0:48   5:59 
Roope Hintz              0  0  0   0  0   1  1  0  0  0  6/8    13:48   0:57   0:00 
Travis Konecny           0  0  0   0  2   2  2  0  0  0  0/0    13:51   0:57   0:00 
Trevor Moore             0  0  0  -1  0   5  0  0  0  1  0/0    12:35   0:00   5:39 

Players Stats for Arizona Coyotes

Player Name              G  A  P  +/- PIM S  H  SB GA TA FO     MP     PP MP  PK MP  
------------------------------------------------------------------------------------
Aliaksei Protas          0  1  1  -1  0   2  0  0  0  0  2/6    18:10   4:54   0:59 
Anthony DeAngelo         0  0  0   0  0   0  0  0  0  0  0/0    12:56   0:00   0:01 
Brayden McNabb           1  0  1   1  0   2  0  0  0  0  0/0    22:40   5:25   0:49 
Brock McGinn             0  0  0   0  0   0  1  0  1  0  0/0     8:14   0:00   0:00 
Charlie Coyle            0  0  0   1  0   4  2  1  1  0  12/20  19:19   6:13   0:59 
Erik Haula               0  0  0   0  0   2  0  0  0  1  2/4     9:46   0:00   0:01 
Jani Hakanpaa            0  0  0   0  0   0  1  0  0  0  0/0    12:56   0:00   0:01 
Jared Spurgeon           0  0  0   1  0   2  0  1  0  1  0/0    22:40   5:25   0:49 
Johnathan Kovacevic      0  0  0  -1  0   3  1  1  0  1  0/0    24:24   6:11   1:09 
Kiefer Sherwood          0  0  0   0  0   5  0  0  1  0  0/1    14:04   0:29   0:01 
Mason McTavish           0  0  0   0  2   1  1  0  3  0  7/15   18:38   5:20   0:00 
Mats Zuccarello          0  1  1  -1  0   4  1  0  0  0  0/2    17:40   5:06   0:00 
Ondrej Palat             0  0  0   0  0   1  2  0  0  0  0/0     8:14   0:00   0:00 
Radko Gudas              1  0  1  -1  0   2  4  2  0  1  0/0    24:24   6:11   1:09 
Ross Colton              0  0  0   0  0   2  2  0  0  1  0/0    11:59   0:00   0:00 
Ryan Donato              0  1  1   1  0   5  3  0  0  0  1/1    19:19   6:13   0:59 
Tyler Bertuzzi           0  0  0  -1  0   1  3  0  1  0  0/0    13:18   0:20   0:00 
Tyler Seguin             0  1  1   1  0   3  2  0  1  0  0/0    19:19   6:13   0:59 

3 Stars

1 - Elvis Merzlikins (AZC)
2 - Darcy Kuemper (TBL)
3 - Radko Gudas (AZC)

Power Play

Tampa Bay Lightning - 0 on 1 Attempt(s) - 0.00%
Arizona Coyotes - 1 on 7 Attempt(s) - 14.29%

Penalty Kill

Tampa Bay Lightning - 6 on 7 Attempt(s) - 85.71% - Score 0 goal in Penalty Kill
Arizona Coyotes - 1 on 1 Attempt(s) - 100.00% - Score 0 goal in Penalty Kill

Team Stat

Tampa Bay Lightning - Hits : 27 - Faceoff Wins : 25 - Blocked Shots : 10 - Penalty Minutes : 12
Arizona Coyotes - Hits : 23 - Faceoff Wins : 24 - Blocked Shots : 5 - Penalty Minutes : 2

Official

Referees : Wes Mccauley and Francois St Laurent
Linesman : Tommy Hughes and Bevan Mills

Game Notes

1:21 of 2nd period - Penalty Shot by Travis Konecny for Tampa Bay Lightning - Stopped by Elvis Merzlikins

Finance

Level 1 -- Attendance: 5484 (91.40%) -- Ticket Income $493,560
Level 2 -- Attendance: 5000 (100.00%) -- Ticket Income $250,000
Level 3 -- Attendance: 3000 (100.00%) -- Ticket Income $84,000
Level 4 -- Attendance: 5000 (100.00%) -- Ticket Income $100,000
Luxury Box -- Attendance: 971 (97.10%) -- Ticket Income $184,490
Game was played at the Gila River Arena.
Total Attendance: 19455 (97.28%)
Total Ticket Income: $1,112,050
Other Income: $389,218
Total Income: $1,501,268

Tampa Bay Lightning

5 vs 5 Forward 
   Center                   Left Wing                Right Wing               Time % Phy DF OF 
 1 Roope Hintz              Travis Konecny           Dylan Cozens             30     1   2  2  
 2 Anze Kopitar             Filip Forsberg           Jonathan Huberdeau       30     1   2  2  
 3 Claude Giroux            Jamie Benn               Kirill Kaprizov          30     1   2  2  
 4 Jason Dickinson          Gustav Nyquist           Trevor Moore             10     1   2  2  

5 vs 5 Defense 
   Defense                  Defense                                           Time % Phy DF OF 
 1 Moritz Seider            Darnell Nurse                                     35     1   2  2  
 2 Michael Matheson         Ben Chiarot                                       35     1   2  2  
 3 Dmitry Orlov             Hampus Lindholm                                   30     1   2  2  
 4 Moritz Seider            Michael Matheson                                  0      1   2  2  

PowerPlay Forward 
   Center                   Left Wing                Right Wing               Time % Phy DF OF 
 1 Claude Giroux            Kirill Kaprizov          Filip Forsberg           50     1   2  2  
 2 Anze Kopitar             Travis Konecny           Roope Hintz              50     1   2  2  

PowerPlay Defense
   Defense                  Defense                                           Time % Phy DF OF 
 1 Michael Matheson         Moritz Seider                                     50     1   2  2  
 2 Dmitry Orlov             Darnell Nurse                                     50     1   2  2  

Penalty Kill 4 Players Forward 
   Center                   Wing                     Time % Phy DF OF 
 1 Anze Kopitar             Jamie Benn               50     1   2  2  
 2 Jason Dickinson          Trevor Moore             50     1   2  2  

Penalty Kill 4 Players Defense
   Defense                  Defense                  Time % Phy DF OF 
 1 Darnell Nurse            Ben Chiarot              50     1   2  2  
 2 Moritz Seider            Dmitry Orlov             50     1   2  2  

Penalty Kill - 3 Players Forward 
   Forward                                           Time % Phy DF OF 
 1 Anze Kopitar                                      50     1   2  2  
 2 Jason Dickinson                                   50     1   2  2  

Penalty Kill - 3 Players Defense
   Defense                  Defense                  Time % Phy DF OF 
 1 Darnell Nurse            Ben Chiarot              50     1   2  2  
 2 Moritz Seider            Michael Matheson         50     1   2  2  

4 vs 4 Forward 
   Center                   Wing                     Time % Phy DF OF 
 1 Claude Giroux            Travis Konecny           50     1   2  2  
 2 Anze Kopitar             Filip Forsberg           50     1   2  2  

4 vs 4 Defense
   Defense                  Defense                  Time % Phy DF OF 
 1 Michael Matheson         Ben Chiarot              50     1   2  2  
 2 Moritz Seider            Darnell Nurse            50     1   2  2  

Last Minutes Offensive
   Center                   Left Wing                Right Wing               Defense                  Defense                  
   Claude Giroux            Kirill Kaprizov          Filip Forsberg           Michael Matheson         Moritz Seider            

Last Minutes Defensive
   Center                   Left Wing                Right Wing               Defense                  Defense                  
   Anze Kopitar             Travis Konecny           Claude Giroux            Michael Matheson         Moritz Seider            

Goaltenders
Starting : Darcy Kuemper            
Backup : Jeremy Swayman           

Extra Forwards
Normal : Anze Kopitar, Gustav Nyquist, Claude Giroux - PP : Jonathan Huberdeau, Trevor Moore - PK : Claude Giroux
Extra Defensemen
Normal : Ben Chiarot, Moritz Seider, Darnell Nurse - PP : Moritz Seider - PK : Darnell Nurse, Dmitry Orlov
Penalty Shots
Trevor Moore, Filip Forsberg, Kirill Kaprizov, Gustav Nyquist, Jonathan Huberdeau

Scratches
None

Arizona Coyotes

5 vs 5 Forward 
   Center                   Left Wing                Right Wing               Time % Phy DF OF 
 1 Charlie Coyle            Ryan Donato              Tyler Seguin             30     1   2  2  
 2 Aliaksei Protas          Mats Zuccarello          Tyler Bertuzzi           30     1   2  2  
 3 Mason McTavish           Kiefer Sherwood          Ross Colton              27     1   2  2  
 4 Erik Haula               Brock McGinn             Ondrej Palat             13     1   2  2  

5 vs 5 Defense 
   Defense                  Defense                                           Time % Phy DF OF 
 1 Radko Gudas              Johnathan Kovacevic                               38     1   2  2  
 2 Brayden McNabb           Jared Spurgeon                                    37     1   2  2  
 3 Anthony DeAngelo         Jani Hakanpaa                                     25     1   2  2  
 4 Radko Gudas              Johnathan Kovacevic                               0      1   2  2  

PowerPlay Forward 
   Center                   Left Wing                Right Wing               Time % Phy DF OF 
 1 Charlie Coyle            Ryan Donato              Tyler Seguin             50     1   1  3  
 2 Mason McTavish           Mats Zuccarello          Aliaksei Protas          50     1   1  3  

PowerPlay Defense
   Defense                  Defense                                           Time % Phy DF OF 
 1 Radko Gudas              Johnathan Kovacevic                               50     1   2  2  
 2 Brayden McNabb           Jared Spurgeon                                    50     1   2  2  

Penalty Kill 4 Players Forward 
   Center                   Wing                     Time % Phy DF OF 
 1 Charlie Coyle            Tyler Seguin             50     1   3  1  
 2 Ryan Donato              Aliaksei Protas          50     1   3  1  

Penalty Kill 4 Players Defense
   Defense                  Defense                  Time % Phy DF OF 
 1 Radko Gudas              Johnathan Kovacevic      55     1   3  1  
 2 Brayden McNabb           Jared Spurgeon           45     1   3  1  

Penalty Kill - 3 Players Forward 
   Forward                                           Time % Phy DF OF 
 1 Charlie Coyle                                     50     1   3  1  
 2 Tyler Seguin                                      50     1   3  1  

Penalty Kill - 3 Players Defense
   Defense                  Defense                  Time % Phy DF OF 
 1 Radko Gudas              Johnathan Kovacevic      50     1   3  1  
 2 Brayden McNabb           Jared Spurgeon           50     1   3  1  

4 vs 4 Forward 
   Center                   Wing                     Time % Phy DF OF 
 1 Charlie Coyle            Tyler Seguin             50     1   1  3  
 2 Ryan Donato              Aliaksei Protas          50     1   1  3  

4 vs 4 Defense
   Defense                  Defense                  Time % Phy DF OF 
 1 Radko Gudas              Johnathan Kovacevic      50     1   3  1  
 2 Brayden McNabb           Jared Spurgeon           50     1   3  1  

Last Minutes Offensive
   Center                   Left Wing                Right Wing               Defense                  Defense                  
   Charlie Coyle            Ryan Donato              Tyler Seguin             Radko Gudas              Johnathan Kovacevic      

Last Minutes Defensive
   Center                   Left Wing                Right Wing               Defense                  Defense                  
   Charlie Coyle            Ryan Donato              Tyler Seguin             Radko Gudas              Johnathan Kovacevic      

Goaltenders
Starting : Elvis Merzlikins         
Backup : Tristan Jarry            

Extra Forwards
Normal : Mason McTavish, Tyler Bertuzzi, Erik Haula - PP : Mason McTavish, Tyler Bertuzzi - PK : Erik Haula
Extra Defensemen
Normal : Anthony DeAngelo, Radko Gudas, Brayden McNabb - PP : Anthony DeAngelo - PK : Johnathan Kovacevic, Brayden McNabb
Penalty Shots
Charlie Coyle, Tyler Seguin, Ryan Donato, Aliaksei Protas, Mats Zuccarello

Scratches
Matt Dumba (Healthy)

% Time on Ice - Tampa Bay Lightning

Lines # - Real PCT - Wanted PCT - Time Play
Normal Forward
1 - 29% - 30% - 13:19
2 - 28% - 30% - 12:57
3 - 27% - 30% - 12:32
4 - 15% - 10% - 6:52
Normal Defense
1 - 35% - 35% - 16:06
2 - 35% - 35% - 15:53
3 - 29% - 30% - 13:24
4 - 1% - 0% - 0:17
PP Forward
1 - 52% - 50% - 1:02
2 - 48% - 50% - 0:57
PP Defense
1 - 40% - 50% - 0:48
2 - 60% - 50% - 1:11
PK Forward
1 - 50% - 50% - 5:50
2 - 50% - 50% - 5:46
PK Defense
1 - 48% - 50% - 5:37
2 - 52% - 50% - 5:59
PK3 Forward
1 - 0% - 50%
2 - 0% - 50%
PK3 Defense
1 - 0% - 50%
2 - 0% - 50%
44 Forward
1 - 0% - 50%
2 - 0% - 50%
44 Defense
1 - 0% - 50%
2 - 0% - 50%
Last Minute Offensive  - 0:45
Last Minute Defensive  - 0:00
Total
Forward - 60:00
Defense - 60:00

% Time on Ice - Arizona Coyotes

Lines # - Real PCT - Wanted PCT - Time Play
Normal Forward
1 - 28% - 30% - 12:36
2 - 28% - 30% - 12:51
3 - 26% - 27% - 11:59
4 - 18% - 13% - 8:14
Normal Defense
1 - 36% - 38% - 16:31
2 - 36% - 37% - 16:26
3 - 26% - 25% - 12:05
4 - 1% - 0% - 0:38
PP Forward
1 - 54% - 50% - 6:13
2 - 46% - 50% - 5:23
PP Defense
1 - 53% - 50% - 6:11
2 - 47% - 50% - 5:25
PK Forward
1 - 50% - 50% - 1:00
2 - 50% - 50% - 0:59
PK Defense
1 - 59% - 55% - 1:10
2 - 41% - 45% - 0:49
PK3 Forward
1 - 0% - 50%
2 - 0% - 50%
PK3 Defense
1 - 0% - 50%
2 - 0% - 50%
44 Forward
1 - 0% - 50%
2 - 0% - 50%
44 Defense
1 - 0% - 50%
2 - 0% - 50%
Last Minute Offensive  - 0:00
Last Minute Defensive  - 0:45
Total
Forward - 60:00
Defense - 60:00

Play-by-Play

1st period


0:01 of 1st period - Roope Hintz wins face-off versus Charlie Coyle in neutral zone.
0:12 of 1st period - Snap shot by Roope Hintz.
0:12 of 1st period - Shot Misses the Net.
0:37 of 1st period - Snap shot by Anze Kopitar.
0:37 of 1st period - Stopped by Elvis Merzlikins without a rebound.
0:38 of 1st period - Mason McTavish wins face-off versus Claude Giroux in Arizona Coyotes zone.
1:05 of 1st period - Wrist shot by Aliaksei Protas.
1:05 of 1st period - Shot Misses the Net.
1:29 of 1st period - Snap shot by Tyler Seguin.
1:29 of 1st period - Shot Blocked by Kirill Kaprizov.
1:47 of 1st period - Ondrej Palat is hit by Anze Kopitar and loses puck.
1:56 of 1st period - Hampus Lindholm is hit by Ondrej Palat and loses puck.
2:13 of 1st period - Wrist shot by Mats Zuccarello.
2:13 of 1st period - Stopped by Darcy Kuemper without a rebound.
2:14 of 1st period - Roope Hintz wins face-off versus Aliaksei Protas in Tampa Bay Lightning zone.
2:56 of 1st period - Snap shot by Mats Zuccarello.
2:56 of 1st period - Stopped by Darcy Kuemper with a rebound.
2:58 of 1st period - Slapshot by Brayden McNabb.
2:58 of 1st period - Shot Misses the Net.
3:00 of 1st period - Slapshot by Brayden McNabb.
3:00 of 1st period - Shot Blocked by Darnell Nurse.
3:02 of 1st period - Wrist shot by Aliaksei Protas.
3:02 of 1st period - Stopped by Darcy Kuemper with a rebound.
3:04 of 1st period - Snap shot by Jared Spurgeon.
3:04 of 1st period - Stopped by Darcy Kuemper with a rebound.
3:06 of 1st period - Slapshot by Brayden McNabb.
3:06 of 1st period - Deflect By Moritz Seider.
3:06 of 1st period - Stopped by Darcy Kuemper with a rebound.
3:15 of 1st period - Minor Penalty to Dylan Cozens for Holding.
3:16 of 1st period - Charlie Coyle wins face-off versus Anze Kopitar in Tampa Bay Lightning zone.
4:14 of 1st period - Jared Spurgeon is hit by Dmitry Orlov and loses puck.
5:15 of 1st period - Penalty to Dylan Cozens is over, Dylan Cozens is back on ice.
5:18 of 1st period - Ben Chiarot is hit by Ryan Donato and loses puck.
5:29 of 1st period - Ben Chiarot is hit by Brock McGinn.
5:39 of 1st period - Wrist shot by Erik Haula.
5:39 of 1st period - Shot Misses the Net.
6:11 of 1st period - Snap shot by Roope Hintz.
6:11 of 1st period - Stopped by Elvis Merzlikins without a rebound.
6:12 of 1st period - Roope Hintz wins face-off versus Kiefer Sherwood in Arizona Coyotes zone.
6:13 of 1st period - Slapshot by Travis Konecny.
6:13 of 1st period - Shot Misses the Net.
6:15 of 1st period - Slapshot by Dmitry Orlov.
6:15 of 1st period - Stopped by Elvis Merzlikins with a rebound.
6:17 of 1st period - Snap shot by Roope Hintz.
6:17 of 1st period - Deflect By Travis Konecny.
6:17 of 1st period - Shot Blocked by Radko Gudas.
6:17 of 1st period - Puck is out of play.
6:18 of 1st period - Mason McTavish wins face-off versus Jason Dickinson in Arizona Coyotes zone.
6:18 of 1st period - Mason McTavish is hit by Jason Dickinson.
6:26 of 1st period - Hampus Lindholm is hit by Radko Gudas and loses puck.
6:53 of 1st period - Off-side.
6:54 of 1st period - Charlie Coyle wins face-off versus Anze Kopitar in neutral zone.
7:21 of 1st period - Michael Matheson is hit by Mason McTavish.
8:33 of 1st period - Snap shot by Charlie Coyle.
8:33 of 1st period - Shot Blocked by Anze Kopitar.
8:35 of 1st period - Snap shot by Charlie Coyle.
8:35 of 1st period - Stopped by Darcy Kuemper with a rebound.
9:15 of 1st period - Snap shot by Trevor Moore.
9:15 of 1st period - Stopped by Elvis Merzlikins without a rebound.
9:16 of 1st period - Charlie Coyle wins face-off versus Anze Kopitar in Arizona Coyotes zone.
9:16 of 1st period - Charlie Coyle is hit by Michael Matheson.
9:22 of 1st period - Anze Kopitar is hit by Ryan Donato and loses puck.
9:31 of 1st period - Snap shot by Tyler Seguin.
9:31 of 1st period - Deflect By Charlie Coyle.
9:31 of 1st period - Shot Misses the Net.
9:31 of 1st period - Puck is out of play.
9:32 of 1st period - Claude Giroux wins face-off versus Mason McTavish in Tampa Bay Lightning zone.
9:38 of 1st period - Icing by Ross Colton.
9:39 of 1st period - Mason McTavish wins face-off versus Claude Giroux in Arizona Coyotes zone.
9:39 of 1st period - Mason McTavish is hit by Claude Giroux.
10:12 of 1st period - Slapshot by Anze Kopitar.
10:12 of 1st period - Stopped by Elvis Merzlikins without a rebound.
10:13 of 1st period - Charlie Coyle wins face-off versus Anze Kopitar in Arizona Coyotes zone.
10:22 of 1st period - Snap shot by Charlie Coyle.
10:22 of 1st period - Shot Blocked by Jonathan Huberdeau.
10:28 of 1st period - Snap shot by Tyler Seguin.
10:28 of 1st period - Shot Misses the Net.
10:38 of 1st period - Brayden McNabb is hit by Jamie Benn and loses puck.
11:24 of 1st period - Slapshot by Trevor Moore.
11:24 of 1st period - Stopped by Elvis Merzlikins without a rebound.
11:25 of 1st period - Anze Kopitar wins face-off versus Charlie Coyle in Arizona Coyotes zone.
11:38 of 1st period - Snap shot by Charlie Coyle.
11:38 of 1st period - Stopped by Darcy Kuemper without a rebound.
11:39 of 1st period - Claude Giroux wins face-off versus Mason McTavish in Tampa Bay Lightning zone.
11:39 of 1st period - Claude Giroux is hit by Ross Colton.
11:49 of 1st period - Mason McTavish is hit by Michael Matheson and loses puck.
12:14 of 1st period - Snap shot by Tyler Seguin.
12:14 of 1st period - Stopped by Darcy Kuemper with a rebound.
12:56 of 1st period - Snap shot by Trevor Moore.
12:56 of 1st period - Stopped by Elvis Merzlikins with a rebound.
12:58 of 1st period - Slapshot by Darnell Nurse.
12:58 of 1st period - Shot Misses the Net.
13:18 of 1st period - Snap shot by Kiefer Sherwood.
13:18 of 1st period - Stopped by Darcy Kuemper with a rebound.
13:33 of 1st period - Kirill Kaprizov is hit by Johnathan Kovacevic and loses puck.
13:44 of 1st period - Snap shot by Kirill Kaprizov.
13:44 of 1st period - Shot Misses the Net.
13:46 of 1st period - Slapshot by Jamie Benn.
13:46 of 1st period - Shot Misses the Net.
13:52 of 1st period - Wrist shot by Jamie Benn.
13:52 of 1st period - Shot Misses the Net.
13:54 of 1st period - Snap shot by Claude Giroux.
13:54 of 1st period - Deflect By Jamie Benn.
13:54 of 1st period - Shot Blocked by Johnathan Kovacevic.
13:54 of 1st period - Puck is out of play.
13:55 of 1st period - Anze Kopitar wins face-off versus Charlie Coyle in Arizona Coyotes zone.
14:04 of 1st period - Wrist shot by Filip Forsberg.
14:04 of 1st period - Shot Misses the Net.
14:21 of 1st period - Hampus Lindholm is hit by Tyler Bertuzzi and loses puck.
14:30 of 1st period - Wrist shot by Mats Zuccarello.
14:30 of 1st period - Stopped by Darcy Kuemper without a rebound.
14:31 of 1st period - Anze Kopitar wins face-off versus Erik Haula in Tampa Bay Lightning zone.
14:46 of 1st period - Snap shot by Ondrej Palat.
14:46 of 1st period - Stopped by Darcy Kuemper with a rebound.
14:58 of 1st period - Michael Matheson is hit by Charlie Coyle.
15:18 of 1st period - Snap shot by Trevor Moore.
15:18 of 1st period - Stopped by Elvis Merzlikins without a rebound.
15:19 of 1st period - Jason Dickinson wins face-off versus Mats Zuccarello in Arizona Coyotes zone.
15:26 of 1st period - Slapshot by Trevor Moore.
15:26 of 1st period - Shot Hit the Post.
16:08 of 1st period - Wrist shot by Travis Konecny.
16:08 of 1st period - Shot Misses the Net.
16:13 of 1st period - Off-side.
16:14 of 1st period - Aliaksei Protas wins face-off versus Jamie Benn in neutral zone.
16:14 of 1st period - Aliaksei Protas is hit by Jamie Benn.
16:26 of 1st period - Johnathan Kovacevic is hit by Ben Chiarot and loses puck.
16:41 of 1st period - Anze Kopitar is hit by Radko Gudas and loses puck.
17:04 of 1st period - Snap shot by Kiefer Sherwood.
17:04 of 1st period - Stopped by Darcy Kuemper with a rebound.
17:06 of 1st period - Wrist shot by Kiefer Sherwood.
17:06 of 1st period - Stopped by Darcy Kuemper without a rebound.
17:07 of 1st period - Roope Hintz wins face-off versus Mason McTavish in Tampa Bay Lightning zone.
17:29 of 1st period - Snap shot by Kiefer Sherwood.
17:29 of 1st period - Stopped by Darcy Kuemper with a rebound.
17:31 of 1st period - Backhand shot by Johnathan Kovacevic.
17:31 of 1st period - Deflect By Hampus Lindholm.
17:31 of 1st period - Stopped by Darcy Kuemper without a rebound.
17:32 of 1st period - Claude Giroux wins face-off versus Aliaksei Protas in Tampa Bay Lightning zone.
18:03 of 1st period - Off-side.
18:04 of 1st period - Charlie Coyle wins face-off versus Jason Dickinson in neutral zone.
18:07 of 1st period - Michael Matheson is hit by Ryan Donato and loses puck.
18:14 of 1st period - Wrist shot by Ryan Donato.
18:14 of 1st period - Stopped by Darcy Kuemper with a rebound.
18:16 of 1st period - Snap shot by Brayden McNabb.
18:16 of 1st period - Goal by Brayden McNabb - Tampa Bay Lightning : 0 - Arizona Coyotes : 1.
18:17 of 1st period - Anze Kopitar wins face-off versus Charlie Coyle in neutral zone.
18:19 of 1st period - Minor Penalty to Darnell Nurse for Cross-checking.
18:20 of 1st period - Mason McTavish wins face-off versus Jason Dickinson in Tampa Bay Lightning zone.
18:49 of 1st period - Snap shot by Johnathan Kovacevic.
18:49 of 1st period - Shot Blocked by Dmitry Orlov.
Goals for this period are 0 for Tampa Bay Lightning vs 1 for Arizona Coyotes.
Shots for this period are 8 for Tampa Bay Lightning vs 17 for Arizona Coyotes.

2nd period


0:01 of 2nd period - Anze Kopitar wins face-off versus Mason McTavish in neutral zone.
0:14 of 2nd period - Snap shot by Aliaksei Protas.
0:14 of 2nd period - Stopped by Darcy Kuemper with a rebound.
0:19 of 2nd period - Penalty to Darnell Nurse is over, Darnell Nurse is back on ice.
0:34 of 2nd period - Wrist shot by Mats Zuccarello.
0:34 of 2nd period - Stopped by Darcy Kuemper with a rebound.
1:21 of 2nd period - Penalty Shot by Travis Konecny for Tampa Bay Lightning.
1:21 of 2nd period - Deke by Travis Konecny.
1:21 of 2nd period - Stopped by Elvis Merzlikins.
1:22 of 2nd period - Charlie Coyle wins face-off versus Anze Kopitar in Tampa Bay Lightning zone.
1:38 of 2nd period - Snap shot by Charlie Coyle.
1:38 of 2nd period - Stopped by Darcy Kuemper without a rebound.
1:39 of 2nd period - Claude Giroux wins face-off versus Erik Haula in Tampa Bay Lightning zone.
1:44 of 2nd period - Snap shot by Claude Giroux.
1:44 of 2nd period - Stopped by Elvis Merzlikins with a rebound.
2:06 of 2nd period - Filip Forsberg is hit by Radko Gudas and loses puck.
2:11 of 2nd period - Wrist shot by Tyler Seguin.
2:11 of 2nd period - Stopped by Darcy Kuemper without a rebound.
2:12 of 2nd period - Erik Haula wins face-off versus Anze Kopitar in Tampa Bay Lightning zone.
2:33 of 2nd period - Minor Penalty to Jonathan Huberdeau for Hooking.
2:34 of 2nd period - Ryan Donato wins face-off versus Jason Dickinson in Tampa Bay Lightning zone.
3:22 of 2nd period - Darnell Nurse is hit by Tyler Seguin and loses puck.
4:33 of 2nd period - Penalty to Jonathan Huberdeau is over, Jonathan Huberdeau is back on ice.
4:36 of 2nd period - Slapshot by Jonathan Huberdeau.
4:36 of 2nd period - Stopped by Elvis Merzlikins with a rebound.
6:56 of 2nd period - Michael Matheson is hit by Tyler Bertuzzi and loses puck.
7:04 of 2nd period - Icing by Jonathan Huberdeau.
7:05 of 2nd period - Anze Kopitar wins face-off versus Charlie Coyle in Tampa Bay Lightning zone.
7:10 of 2nd period - Snap shot by Roope Hintz.
7:10 of 2nd period - Shot Misses the Net.
7:12 of 2nd period - Slapshot by Ben Chiarot.
7:12 of 2nd period - Stopped by Elvis Merzlikins with a rebound.
7:14 of 2nd period - Slapshot by Michael Matheson.
7:14 of 2nd period - Stopped by Elvis Merzlikins without a rebound.
7:15 of 2nd period - Roope Hintz wins face-off versus Mason McTavish in Arizona Coyotes zone.
7:16 of 2nd period - Wrist shot by Travis Konecny.
7:16 of 2nd period - Shot Misses the Net.
7:24 of 2nd period - Slapshot by Jared Spurgeon.
7:24 of 2nd period - Shot Blocked by Dylan Cozens.
7:26 of 2nd period - Snap shot by Mason McTavish.
7:26 of 2nd period - Stopped by Darcy Kuemper without a rebound.
7:27 of 2nd period - Charlie Coyle wins face-off versus Claude Giroux in Tampa Bay Lightning zone.
7:54 of 2nd period - Radko Gudas is hit by Travis Konecny and loses puck.
8:11 of 2nd period - Snap shot by Ryan Donato.
8:11 of 2nd period - Stopped by Darcy Kuemper without a rebound.
8:12 of 2nd period - Claude Giroux wins face-off versus Mason McTavish in Tampa Bay Lightning zone.
8:27 of 2nd period - Slapshot by Jamie Benn.
8:27 of 2nd period - Shot Misses the Net.
8:29 of 2nd period - Snap shot by Claude Giroux.
8:29 of 2nd period - Stopped by Elvis Merzlikins without a rebound.
8:30 of 2nd period - Anze Kopitar wins face-off versus Mats Zuccarello in Arizona Coyotes zone.
8:33 of 2nd period - Wrist shot by Jonathan Huberdeau.
8:33 of 2nd period - Shot Misses the Net.
8:45 of 2nd period - Slapshot by Tyler Bertuzzi.
8:45 of 2nd period - Stopped by Darcy Kuemper without a rebound.
8:46 of 2nd period - Mason McTavish wins face-off versus Claude Giroux in Tampa Bay Lightning zone.
8:55 of 2nd period - Kiefer Sherwood is hit by Darnell Nurse and loses puck.
10:46 of 2nd period - Dylan Cozens is hit by Charlie Coyle and loses puck.
11:13 of 2nd period - Wrist shot by Jonathan Huberdeau.
11:13 of 2nd period - Stopped by Elvis Merzlikins with a rebound.
11:57 of 2nd period - Moritz Seider is hit by Radko Gudas and loses puck.
12:23 of 2nd period - Brayden McNabb is hit by Filip Forsberg and loses puck.
12:54 of 2nd period - Johnathan Kovacevic is hit by Jason Dickinson and loses puck.
13:01 of 2nd period - Gustav Nyquist is hit by Tyler Seguin and loses puck.
13:52 of 2nd period - Kiefer Sherwood is hit by Travis Konecny and loses puck.
14:22 of 2nd period - Slapshot by Mason McTavish.
14:22 of 2nd period - Shot Misses the Net.
14:24 of 2nd period - Snap shot by Ross Colton.
14:24 of 2nd period - Stopped by Darcy Kuemper with a rebound.
14:30 of 2nd period - Wrist shot by Ross Colton.
14:30 of 2nd period - Shot Blocked by Jonathan Huberdeau.
14:32 of 2nd period - Slapshot by Kiefer Sherwood.
14:32 of 2nd period - Stopped by Darcy Kuemper with a rebound.
14:50 of 2nd period - Anze Kopitar is hit by Jani Hakanpaa and loses puck.
15:42 of 2nd period - Slapshot by Jonathan Huberdeau.
15:42 of 2nd period - Deflect By Filip Forsberg.
15:42 of 2nd period - Stopped by Elvis Merzlikins with a rebound.
15:50 of 2nd period - Wrist shot by Ross Colton.
15:50 of 2nd period - Shot Blocked by Anze Kopitar.
15:55 of 2nd period - Off-side.
15:56 of 2nd period - Claude Giroux wins face-off versus Charlie Coyle in neutral zone.
16:22 of 2nd period - Mats Zuccarello is hit by Dmitry Orlov and loses puck.
16:48 of 2nd period - Snap shot by Erik Haula.
16:48 of 2nd period - Stopped by Darcy Kuemper with a rebound.
17:02 of 2nd period - Radko Gudas is hit by Claude Giroux and loses puck.
17:29 of 2nd period - Slapshot by Erik Haula.
17:29 of 2nd period - Stopped by Darcy Kuemper without a rebound.
17:30 of 2nd period - Erik Haula wins face-off versus Jason Dickinson in Tampa Bay Lightning zone.
17:52 of 2nd period - Tyler Seguin is hit by Darnell Nurse and loses puck.
Goals for this period are 0 for Tampa Bay Lightning vs 0 for Arizona Coyotes.
Shots for this period are 7 for Tampa Bay Lightning vs 11 for Arizona Coyotes.

3rd period


0:01 of 3rd period - Claude Giroux wins face-off versus Charlie Coyle in neutral zone.
0:08 of 3rd period - Snap shot by Jamie Benn.
0:08 of 3rd period - Stopped by Elvis Merzlikins with a rebound.
0:16 of 3rd period - Tyler Seguin is hit by Ben Chiarot and loses puck.
0:50 of 3rd period - Snap shot by Roope Hintz.
0:50 of 3rd period - Shot Misses the Net.
1:34 of 3rd period - Tyler Seguin is hit by Kirill Kaprizov and loses puck.
1:51 of 3rd period - Mats Zuccarello is hit by Anze Kopitar and loses puck.
2:12 of 3rd period - Wrist shot by Roope Hintz.
2:12 of 3rd period - Deflect By Travis Konecny.
2:12 of 3rd period - Stopped by Elvis Merzlikins without a rebound.
2:13 of 3rd period - Mason McTavish wins face-off versus Roope Hintz in Arizona Coyotes zone.
2:13 of 3rd period - Mason McTavish is hit by Roope Hintz.
2:16 of 3rd period - Minor Penalty to Mason McTavish for Hooking.
2:17 of 3rd period - Charlie Coyle wins face-off versus Claude Giroux in Arizona Coyotes zone.
2:17 of 3rd period - Charlie Coyle is hit by Filip Forsberg.
3:57 of 3rd period - Jared Spurgeon is hit by Dmitry Orlov and loses puck.
4:16 of 3rd period - Penalty to Mason McTavish is over, Mason McTavish is back on ice.
4:22 of 3rd period - Wrist shot by Charlie Coyle.
4:22 of 3rd period - Stopped by Darcy Kuemper with a rebound.
4:34 of 3rd period - Snap shot by Gustav Nyquist.
4:34 of 3rd period - Stopped by Elvis Merzlikins with a rebound.
5:30 of 3rd period - Minor Penalty to Travis Konecny for Holding.
5:31 of 3rd period - Charlie Coyle wins face-off versus Jason Dickinson in Tampa Bay Lightning zone.
5:42 of 3rd period - Snap shot by Tyler Seguin.
5:42 of 3rd period - Stopped by Darcy Kuemper without a rebound.
5:43 of 3rd period - Mason McTavish wins face-off versus Anze Kopitar in Tampa Bay Lightning zone.
6:16 of 3rd period - Snap shot by Aliaksei Protas.
6:16 of 3rd period - Shot Misses the Net.
6:26 of 3rd period - Wrist shot by Trevor Moore.
6:26 of 3rd period - Stopped by Elvis Merzlikins without a rebound.
6:27 of 3rd period - Jason Dickinson wins face-off versus Charlie Coyle in Arizona Coyotes zone.
6:28 of 3rd period - Snap shot by Trevor Moore.
6:28 of 3rd period - Shot Misses the Net.
6:30 of 3rd period - Slapshot by Darnell Nurse.
6:30 of 3rd period - Shot Misses the Net.
6:32 of 3rd period - Snap shot by Ben Chiarot.
6:32 of 3rd period - Deflect By Johnathan Kovacevic.
6:32 of 3rd period - Stopped by Elvis Merzlikins with a rebound.
7:30 of 3rd period - Penalty to Travis Konecny is over, Travis Konecny is back on ice.
8:16 of 3rd period - Wrist shot by Jamie Benn.
8:16 of 3rd period - Shot Misses the Net.
8:48 of 3rd period - Snap shot by Ross Colton.
8:48 of 3rd period - Stopped by Darcy Kuemper with a rebound.
8:54 of 3rd period - Moritz Seider is hit by Ross Colton.
9:04 of 3rd period - Gustav Nyquist is hit by Ondrej Palat and loses puck.
9:13 of 3rd period - Snap shot by Trevor Moore.
9:13 of 3rd period - Shot Blocked by Jared Spurgeon.
9:15 of 3rd period - Wrist shot by Jason Dickinson.
9:15 of 3rd period - Shot Blocked by Charlie Coyle.
9:17 of 3rd period - Snap shot by Gustav Nyquist.
9:17 of 3rd period - Stopped by Elvis Merzlikins with a rebound.
9:29 of 3rd period - Hampus Lindholm is hit by Mats Zuccarello and loses puck.
10:07 of 3rd period - Snap shot by Travis Konecny.
10:07 of 3rd period - Stopped by Elvis Merzlikins with a rebound.
10:09 of 3rd period - Slapshot by Darnell Nurse.
10:09 of 3rd period - Stopped by Elvis Merzlikins with a rebound.
10:11 of 3rd period - Slapshot by Roope Hintz.
10:11 of 3rd period - Deflect By Travis Konecny.
10:11 of 3rd period - Shot Misses the Net.
10:11 of 3rd period - Puck is out of play.
10:12 of 3rd period - Claude Giroux wins face-off versus Aliaksei Protas in Arizona Coyotes zone.
10:21 of 3rd period - Wrist shot by Kirill Kaprizov.
10:21 of 3rd period - Stopped by Elvis Merzlikins with a rebound.
10:25 of 3rd period - Slapshot by Kirill Kaprizov.
10:25 of 3rd period - Goal by Kirill Kaprizov - Tampa Bay Lightning : 1 - Arizona Coyotes : 1.
10:26 of 3rd period - Claude Giroux wins face-off versus Aliaksei Protas in neutral zone.
10:31 of 3rd period - Snap shot by Kirill Kaprizov.
10:31 of 3rd period - Shot Misses the Net.
11:02 of 3rd period - Tyler Seguin is hit by Moritz Seider and loses puck.
11:27 of 3rd period - Ross Colton is hit by Dylan Cozens and loses puck.
12:20 of 3rd period - Snap shot by Filip Forsberg.
12:20 of 3rd period - Stopped by Elvis Merzlikins with a rebound.
12:22 of 3rd period - Wrist shot by Filip Forsberg.
12:22 of 3rd period - Stopped by Elvis Merzlikins without a rebound.
12:23 of 3rd period - Charlie Coyle wins face-off versus Jonathan Huberdeau in Arizona Coyotes zone.
12:46 of 3rd period - Ryan Donato is hit by Jonathan Huberdeau and loses puck.
12:53 of 3rd period - Snap shot by Radko Gudas.
12:53 of 3rd period - Stopped by Darcy Kuemper with a rebound.
12:59 of 3rd period - Snap shot by Tyler Seguin.
12:59 of 3rd period - Shot Blocked by Filip Forsberg.
13:01 of 3rd period - Snap shot by Johnathan Kovacevic.
13:01 of 3rd period - Shot Misses the Net.
13:03 of 3rd period - Slapshot by Radko Gudas.
13:03 of 3rd period - Shot Misses the Net.
13:05 of 3rd period - Backhand shot by Johnathan Kovacevic.
13:05 of 3rd period - Stopped by Darcy Kuemper with a rebound.
13:07 of 3rd period - Wrist shot by Tyler Seguin.
13:07 of 3rd period - Shot Misses the Net.
13:09 of 3rd period - Slapshot by Ryan Donato.
13:09 of 3rd period - Stopped by Darcy Kuemper with a rebound.
13:11 of 3rd period - Slapshot by Radko Gudas.
13:11 of 3rd period - Shot Misses the Net.
13:13 of 3rd period - Wrist shot by Ryan Donato.
13:13 of 3rd period - Stopped by Darcy Kuemper without a rebound.
13:14 of 3rd period - Aliaksei Protas wins face-off versus Claude Giroux in Tampa Bay Lightning zone.
14:37 of 3rd period - Aliaksei Protas is hit by Hampus Lindholm and loses puck.
14:46 of 3rd period - Snap shot by Filip Forsberg.
14:46 of 3rd period - Stopped by Elvis Merzlikins without a rebound.
14:47 of 3rd period - Charlie Coyle wins face-off versus Roope Hintz in Arizona Coyotes zone.
14:55 of 3rd period - Minor Penalty to Dylan Cozens for Roughing.
14:56 of 3rd period - Charlie Coyle wins face-off versus Anze Kopitar in Tampa Bay Lightning zone.
15:00 of 3rd period - Wrist shot by Ryan Donato.
15:00 of 3rd period - Shot Misses the Net.
15:14 of 3rd period - Snap shot by Trevor Moore.
15:14 of 3rd period - Shot Misses the Net.
15:16 of 3rd period - Slapshot by Ben Chiarot.
15:16 of 3rd period - Stopped by Elvis Merzlikins with a rebound.
15:18 of 3rd period - Slapshot by Darnell Nurse.
15:18 of 3rd period - Shot Blocked by Radko Gudas.
15:24 of 3rd period - Slapshot by Tyler Seguin.
15:24 of 3rd period - Shot Blocked by Moritz Seider.
15:26 of 3rd period - Slapshot by Johnathan Kovacevic.
15:26 of 3rd period - Stopped by Darcy Kuemper with a rebound.
15:30 of 3rd period - Wrist shot by Ryan Donato.
15:30 of 3rd period - Stopped by Darcy Kuemper with a rebound.
16:34 of 3rd period - Backhand shot by Aliaksei Protas.
16:34 of 3rd period - Shot Misses the Net.
16:36 of 3rd period - Slapshot by Radko Gudas.
16:36 of 3rd period - Goal by Radko Gudas - Tampa Bay Lightning : 1 - Arizona Coyotes : 2.
16:37 of 3rd period - Roope Hintz wins face-off versus Mason McTavish in neutral zone.
17:13 of 3rd period - Minor Penalty to Kirill Kaprizov for Tripping.
17:14 of 3rd period - Jason Dickinson wins face-off versus Mason McTavish in Tampa Bay Lightning zone.
17:22 of 3rd period - Slapshot by Jared Spurgeon.
17:22 of 3rd period - Deflect By Moritz Seider.
17:22 of 3rd period - Stopped by Darcy Kuemper with a rebound.
17:24 of 3rd period - Snap shot by Mason McTavish.
17:24 of 3rd period - Shot Misses the Net.
19:13 of 3rd period - Penalty to Kirill Kaprizov is over, Kirill Kaprizov is back on ice.
19:18 of 3rd period - Tampa Bay Lightning, Darcy Kuemper is pulled from the net.
19:30 of 3rd period - Claude Giroux is hit by Tyler Bertuzzi and loses puck.
19:47 of 3rd period - Snap shot by Filip Forsberg.
19:47 of 3rd period - Shot Misses the Net.
Goals for this period are 1 for Tampa Bay Lightning vs 1 for Arizona Coyotes.
Shots for this period are 14 for Tampa Bay Lightning vs 11 for Arizona Coyotes.